 Dungeon Crawl Stone Soup version 0.31-a0-664-g902f515a81 (webtiles) character file.

Game seed: 1168663527466259239

175478 zero the Earth Mage (level 18, -1/112 HPs)
             Began as a Gargoyle Earth Elementalist on Sept 2, 2023.
             Was the Champion of Vehumet.
             Blown up by a sun moth (19 damage)
             ... with a bolt of energy
             ... on level 4 of the Spider Nest.
             The game lasted 00:51:26 (31783 turns).

zero the Earth Mage (Gargoyle Earth Elementalist)  Turns: 31783, Time: 00:51:27

Health: -1/112     AC: 26    Str: 14    XL:     18   Next: 10%
Magic:  13/45      EV: 11    Int: 28    God:    Vehumet [******]
Gold:   349        SH:  9    Dex: 10    Spells: 7/45 levels left

rFire   + . .        T - +3 sling of Uloerher {elec, rC++}
rCold   + + +        Y - +1 kite shield {rC+}
rNeg    + . .        D - +2 troll leather armour
rPois   ∞            I - +1 hat
rElec   +            X - scarf {rC+ rF+}
rCorr   .            E - +2 pair of gloves {Stlth+}
SInv    .            S - +1 pair of boots
Will    +....        w - amulet of magic regeneration
Stlth   +            n - ring of magical power
HPRegen 1.18/turn    O - +6 ring of intelligence
MPRegen 0.69/turn

%: no passive effects
@: flying, glowing, studying Ice Magic
A: sickness immunity, AC +13, big wings, negative energy resistance 1,
electricity resistance, torment resistance 1, petrification resistance
a: Renounce Religion


You were on level 4 of the Spider Nest.
You worshipped Vehumet.
Vehumet was exalted by your worship.
You visited 4 branches of the dungeon, and saw 26 of its levels.
You also visited: Ossuary and Ice Cave.

You collected 2937 gold pieces.
You spent 2588 gold pieces at shops.

Inventory:

Hand Weapons
 T - the +3 sling of Uloerher (weapon) {elec, rC++}
   (You took it off an orc knight on level 12 of the Dungeon)

   rC++:      It greatly protects you from cold.
Armour
 D - a +2 troll leather armour (worn)
 E - a +2 pair of gloves of stealth (worn)
 I - a +1 hat (worn)
 S - a +1 pair of boots (worn)
 X - a scarf of resistance (worn)
 Y - a +1 kite shield of cold resistance (worn)
Jewellery
 n - a ring of magical power (left hand)
 w - an amulet of magic regeneration (around neck)
 J - an amulet of regeneration
 O - a +6 ring of intelligence (right hand)
Wands
 j - a wand of iceblast (29)
 t - a wand of charming (25)
 B - a wand of digging (7)
 G - a wand of mindburst (13)
 K - a wand of quicksilver (13)
 M - a wand of polymorph (17)
Scrolls
 a - 5 scrolls of summoning
 d - 5 scrolls of vulnerability
 f - 2 scrolls of fog
 h - 9 scrolls of teleportation
 o - 7 scrolls of fear
 p - 5 scrolls of blinking
 x - 2 scrolls of torment
 H - 3 scrolls of poison
 L - 2 scrolls of revelation
 N - 3 scrolls of amnesia
 U - 10 scrolls of identify
 W - 2 scrolls of immolation
 Z - a scroll of enchant weapon
Potions
 b - 5 potions of magic
 c - 2 potions of invisibility
 e - 8 potions of heal wounds
 g - 18 potions of curing
 i - 4 potions of mutation
 k - a potion of attraction
 m - 4 potions of berserk rage
 q - 4 potions of resistance
 s - 6 potions of enlightenment
 v - 4 potions of brilliance
 z - 2 potions of cancellation
 A - 2 potions of haste
 C - 5 potions of lignification
 F - 3 potions of ambrosia
 V - 3 potions of might
Miscellaneous
 u - a sack of spiders
 y - a phial of floods
 P - a condenser vane
 Q - a lightning rod (inert)
 R - a phantom mirror


   Skills:
 - Level 12.0 Fighting
 - Level 10.0 Armour
 - Level 5.0 Dodging
 - Level 3.0 Stealth
 - Level 5.0 Shields
 + Level 14.0 Spellcasting
 + Level 14.4 Conjurations
 - Level 2.0 Translocations
 - Level 0.7 Transmutations
 - Level 10.0 Fire Magic
 - Level 10.0 Air Magic
 - Level 15.0 Earth Magic
 - Level 5.0 Poison Magic
 - Level 3.0 Evocations


You had 7 spell levels left.
You knew the following spells:

 Your Spells              Type           Power      Damage    Failure   Level
a - Sandblast             Erth           100%       2d20      0%          1
b - Stone Arrow           Conj/Erth      100%       3d13      1%          3
c - Arcjolt               Conj/Air       36%        1d46      1%          5
d - Plasma Beam           Fire/Air       33%        2x1d46    7%          6
e - Iskenderun's Battles  Conj           79%        2d13      1%          5
f - Fireball              Conj/Fire      36%        3d15      1%          5
g - Apportation           Tloc           60%        N/A       4%          1
h - Lehudib's Crystal Sp  Conj/Erth      40%        10d10     36%         8
t - Olgreb's Toxic Radia  Pois           47%        N/A       3%          4

Your spell library contained the following spells:

 Spells                   Type           Power      Damage    Failure   Level
 Maxwell's Capacitive Co  Air            33%        ∞         92%         8
 Fire Storm               Conj/Fire      36%        8d9       100%        9
 Polar Vortex             Ice            9%         12d1*     100%        9
 Shock                    Conj/Air       100%       1d9       1%          1
 Passwall                 Tmut/Erth      49%        N/A       1%          2
 Poisonous Vapours        Pois/Air       100%       N/A       1%          2
 Searing Ray              Conj           100%       2d8       1%          2
 Ignite Poison            Fire/Tmut/Pois 49%        N/A       1%          3
 Mephitic Cloud           Conj/Pois/Air  65%        N/A       1%          3
 Sticky Flame             Conj/Fire      73%        2d9       1%          4
 Freezing Cloud           Conj/Ice/Air   30%        6-21      2%          5
 Petrify                  Tmut/Erth      59%        N/A       3%          4
 Irradiate                Conj/Tmut      29%        3d21      3%          5
 Animate Armour           Summ/Erth      100%       N/A       4%          4
 Lesser Beckoning         Tloc           60%        N/A       6%          2
 Frozen Ramparts          Ice            38%        1d6       8%          3
 Vhi's Electric Charge    Tloc/Air       100%       N/A       9%          4
 Necrotise                Necr           76%        1d7       10%         1
 Slow                     Hex            76%        N/A       10%         1
 Summon Small Mammal      Summ           76%        N/A       10%         1
 Wereblood                Tmut           23%        N/A       11%         2
 Gell's Gravitas          Tloc           30%        N/A       13%         3
 Teleport Other           Tloc           30%        N/A       13%         3
 Ensorcelled Hibernation  Hex/Ice        38%        N/A       14%         2
 Confusing Touch          Hex            19%        N/A       28%         3
 Ozocubu's Armour         Ice            19%        N/A       28%         3
 Vampiric Draining        Necr           19%        2d7       28%         3
 Alistair's Intoxication  Tmut/Pois      23%        N/A       63%         5
 Anguish                  Hex/Necr       9%         N/A       67%         4
 Cause Fear               Hex            9%         N/A       67%         4
 Summon Ice Beast         Ice/Summ       19%        N/A       67%         4
 Agony                    Necr           19%        N/A       95%         5
 Metabolic Englaciation   Hex/Ice        9%         N/A       95%         5
 Ozocubu's Refrigeration  Ice            9%         4d9       100%        7
 Ignition                 Fire           33%        3d10      92%         8
 Dragon's Call            Summ           9%         N/A       100%        9


Dungeon Overview and Level Annotations

Branches:
Dungeon (15/15)            Temple (0/1) D:7            Lair (5/5) D:8
 Shoals (0/4) Lair:3       Spider (4/4) Lair:2        Slime (0/5) Lair:4
    Orc (2/2) D:12            Elf (0/3) Orc:2        Vaults (0/5) D:13
 Depths (0/4) D:15        Ossuary (visited)           IceCv (visited)

Altars:
Cheibriados
Elyvilon
Hepliaklqana
Qazlal
Ru
Sif Muna
Trog
Vehumet
Wu Jian
Zin
Jiyva

Shops:
D:8 (   D:10 *   Orc:2 *[!:(


Innate Abilities, Weirdness & Mutations

You are immune to sickness and miasma.
Your stone body is resilient. (AC +13)
You are immune to poison.
Your large and strong wings let you fly.
You resist negative energy. (rN+)
You are resistant to electric shocks. (rElec)
You are resistant to unholy torment.
You are immune to petrification.


Message History

Electricity surges outward!
The emperor scorpion is struck by an electric surge!
The emperor scorpion is severely wounded.
The sun moth resists.
The sun moth is struck by an electric surge!
The sun moth is severely wounded.
You are covered in liquid flames!
The emperor scorpion stings you! The emperor scorpion claws you.
You block the emperor scorpion's attack.
The sun moth throws sticky fire at you. The sticky flame misses you.
Casting: Arcjolt (mildly dangerous; 1% risk of failure)
Confirm with . or Enter, or press ? or * to list all spells.
Electricity surges outward!
The emperor scorpion is struck by an electric surge.
The sun moth resists.
The sun moth is struck by an electric surge.
The sun moth is severely wounded.
You are covered in liquid flames!
You block the emperor scorpion's attack.
The emperor scorpion claws you.
You block the emperor scorpion's attack.
The sun moth throws energy at you. The bolt of energy misses you.
Casting: Arcjolt (mildly dangerous; 1% risk of failure)
Confirm with . or Enter, or press ? or * to list all spells.
Electricity surges outward!
The emperor scorpion is struck by an electric surge.
The emperor scorpion is severely wounded.
The sun moth resists.
The sun moth is struck by an electric surge!
The sun moth is severely wounded.
You are covered in liquid flames!
The emperor scorpion stings you!!
* * * LOW HITPOINT WARNING * * *
You block the emperor scorpion's attack.
The emperor scorpion barely misses you. The sun moth throws energy at you.
The bolt of energy hits you!!
You die...

#.###.......#.#..##
#........#.#...###.
#..#.....#.....#..#
#(..####.^#..#.....
#.....#....#.#^..^.
#....#...#....^.###
#....#..#.#..†### # ...
##^#^.#.^.#..### # ~..
#@s..#..##..#..# ##.##
#†y...#.#.#....## #~~%##
##.......^..#..#^# ^~.†^#
#^..#.#.....^#^.## ..~..#
##......#....##...# #
#..^###########^......#.....#...###
~^....#.#.#.^#^...#..#...###.....##
#...#.^.....................#..#..#
#...#......#........#....#####..#.#


You could see an emperor scorpion and a sun moth.

Vanquished Creatures
  Nikola (Spider:3)
  Arachne (Spider:3)
  Jorgrun (Orc:1)
  Rupert (D:13)
  2 azure jellies (IceCv)
  2 ghost moths
  A fire giant (D:15)
  9 emperor scorpions
  An orc warlord (Orc:2)
  2 broodmothers (Spider:4)
  3 quicksilver oozes (IceCv)
  Nessos (Lair:3)
  The ghost of Caekett the Spear-Bearer, a journeyman GnRe of Gozag (D:13)
  The ghost of starts1789 the Grappler, a journeyman TrSh of Okawaru (Lair:1)
  Snorg (D:13)
  The ghost of KimchiStew the Slicer, a journeyman FoCj of Wu Jian (D:11)
  An ettin (Orc:1)
  6 entropy weavers
  An ice dragon (Lair:4)
  A rakshasa (D:12)
  A vault guard (D:13)
  A radroach (Spider:4)
  5 hydras
  3 catoblepae
  7 centaur warriors
  4 jorogumos
  9 two-headed ogres
  7 boulder beetles
  6 death yaks
  3 tengu warriors
  10 demonic crawlers
  4 orc high priests (Orc:2)
  Urug (D:13)
  A pharaoh ant (Spider:4)
  3 skeletal warriors (D:13)
  A sun moth (Spider:4)
  8 orb spiders
  2 wizards
  2 deep elf pyromancers
  2 necromancers (D:13)
  7 orc knights
  4 steelbarb worms (Spider:3)
  4 orc sorcerers (Orc:2)
  8 ugly things
  12 cyclopes
  16 wolf spiders
  10 manticores
  5 moths of wrath
  Maurice (D:8)
  A guardian serpent (Lair:5)
  3 elephants (Lair:2)
  2 ice statues (IceCv)
  A merfolk siren (Lair:3)
  2 torpor snails (Spider:1)
  9 black mambas
  3 gargoyles
  11 cane toads
  A yaktaur (D:15)
  13 rime drakes
  An unseen horror (D:12)
  A komodo dragon (shapeshifter) (D:13)
  9 komodo dragons
  A tengu conjurer (D:14)
  3 kobold demonologists
  3 freezing wraiths
  7 trolls
  5 hornets
  5 meliai
  Grinder (D:3)
  A queen bee (D:11)
  3 polar bears
  18 tarantellas
  Prince Ribbit (Lair:1)
  20 blink frogs
  6 dream sheep (Lair:5)
  20 jumping spiders
  20 culicivoras
  16 slime creatures
  4 centaur simulacra (D:15)
  2 wraiths
  A shadow (D:12)
  23 wyverns
  A vampire (D:12)
  21 yaks
  19 humans (D:13)
  4 steam dragons
  9 basilisks
  43 redbacks
  14 vampire mosquitoes
  5 wargs
  An acid dragon (D:11)
  21 water moccasins
  A floating eye (shapeshifter) (D:15)
  27 orc warriors
  A sky beast (D:6)
  13 ogres
  2 black bears
  5 great orb of eyes simulacra (IceCv)
  4 boggarts (D:14)
  6 wolves
  13 centaurs
  4 slime creature simulacra (IceCv)
  A phantom (D:5)
  2 elf zombies (Ossuary)
  3 glowing shapeshifter simulacra (IceCv)
  4 bullfrogs
  6 scorpions
  2 gnoll sergeants (D:12)
  14 wights
  2 oklob saplings (D:10)
  20 killer bees
  An electric eel (Lair:4)
  4 howler monkeys
  5 hounds
  4 jellies
  4 human zombies (Ossuary)
  9 orc priests
  3 iguanas
  Natasha (D:3)
  9 orc wizards
  8 hell rats (Lair:4)
  A shapeshifter simulacrum (IceCv)
  2 mummies (Ossuary)
  14 adders
  8 gnolls
  A shadow imp (D:7)
  2 white imps (Lair:4)
  2 ufetubi
  A worm (D:3)
  5 dart slugs
  46 orcs
  5 bats
  4 endoplasms
  2 giant cockroaches (D:1)
  3 goblins
  9 hobgoblins
  4 jackals
  4 kobolds
  4 quokkas
  12 ball pythons
  5 frilled lizards
  A goblin zombie (Ossuary)
  7 hobgoblin zombies (Ossuary)
  3 jackal zombies (Ossuary)
  11 kobold zombies (Ossuary)
  7 orc zombies (Ossuary)
  6 rats
  2 rat zombies (Ossuary)
  A spectral orc (D:6)
890 creatures vanquished.

Vanquished Creatures (others)
  A rat (D:3)
1 creature vanquished.

Grand Total: 891 creatures vanquished

Notes
Turn   | Place    | Note
-------+----------+-------------------------------------------
     0 | D:1      | zero the Gargoyle Earth Elementalist began the quest for
                  | the Orb.
     0 | D:1      | Reached XP level 1. HP: 10/10 MP: 3/3
   350 | D:1      | Reached XP level 2. HP: 14/15 MP: 1/5
   634 | D:1      | Reached skill level 4 in Earth Magic
  1151 | D:1      | Reached XP level 3. HP: 17/19 MP: 4/7
  1569 | D:2      | Found an ornate altar of the Wu Jian Council.
  1726 | D:2      | Reached XP level 4. HP: 24/24 MP: 7/9
  1730 | D:2      | Learned a level 3 spell: Stone Arrow
  2401 | D:3      | Found a radiant altar of Vehumet.
  2441 | D:3      | Became a worshipper of Vehumet
  2701 | D:3      | Noticed Grinder
  2756 | D:3      | Reached XP level 5. HP: 5/28 MP: 4/11
  2948 | D:3      | Found a faded altar of an unknown god.
  2987 | D:3      | Killed Grinder
  2988 | D:3      | Reached skill level 5 in Spellcasting
  2988 | D:3      | Reached skill level 5 in Earth Magic
  2988 | D:3      | Reached XP level 6. HP: 32/32 MP: 0/13
  3353 | D:3      | Found a white marble altar of Elyvilon.
  3460 | D:3      | Noticed Natasha
  3461 | D:3      | Killed Natasha
  3751 | D:4      | Reached * piety under Vehumet
  3751 | D:4      | Offered knowledge of Freeze by Vehumet.
  3987 | D:4      | Reached skill level 1 in Fighting
  4177 | D:4      | Reached skill level 1 in Armour
  4177 | D:4      | Reached XP level 7. HP: 36/38 MP: 9/14
  4283 | D:4      | Reached skill level 1 in Evocations
  4507 | D:4      | Found a stormy altar of Qazlal.
  4672 | D:5      | Entered Level 5 of the Dungeon
  4755 | D:5      | Reached skill level 6 in Earth Magic
  4987 | D:5      | Reached XP level 8. HP: 36/45 MP: 13/15
  5636 | D:6      | Reached skill level 1 in Shields
  5676 | D:6      | HP: 1/46 [wight/+6 dagger (11)]
  5949 | D:6      | Learned a level 1 spell: Sandblast
  5955 | D:6      | Learned a level 5 spell: Arcjolt
  5962 | D:6      | Learned a level 6 spell: Plasma Beam
  6162 | D:6      | Reached ** piety under Vehumet
  6183 | D:6      | Reached skill level 5 in Conjurations
  6183 | D:6      | Offered knowledge of Poisonous Vapours by Vehumet.
  6228 | D:6      | Reached XP level 9. HP: 46/52 MP: 15/17
  6230 | D:6      | Reached skill level 7 in Earth Magic
  6332 | D:6      | Found a hazy altar of Hepliaklqana.
  6721 | D:7      | Found a sand-covered staircase.
  6728 | Ossuary  | Entered an ossuary
  6824 | Ossuary  | Offered knowledge of Dazzling Flash by Vehumet.
  6897 | Ossuary  | Reached *** piety under Vehumet
  7359 | D:7      | Reached skill level 5 in Fighting
  7505 | D:7      | Found a staircase to the Ecumenical Temple.
  7662 | D:7      | Reached skill level 1 in Air Magic
  8256 | D:8      | Found Ponu's Hydra Hut.
  8269 | D:8      | Noticed a seven-headed hydra
  8290 | D:8      | Found a staircase to the Lair.
  8345 | D:8      | Noticed Maurice
  8465 | D:8      | Reached skill level 8 in Earth Magic
  8642 | Lair:1   | Entered Level 1 of the Lair of Beasts
  8642 | Lair:1   | Noticed a komodo dragon
  8646 | Lair:1   | Killed a komodo dragon
  8646 | Lair:1   | Offered knowledge of Olgreb's Toxic Radiance by Vehumet.
  8647 | Lair:1   | Reached XP level 10. HP: 59/59 MP: 14/19
  8658 | Lair:1   | Learned a level 4 spell: Olgreb's Toxic Radiance
  8763 | Lair:1   | Reached skill level 1 in Poison Magic
  8791 | Lair:1   | Found a runed translucent door.
  8791 | Lair:1   | Noticed starts1789's ghost (journeyman TrSh)
  8950 | Lair:1   | Noticed a cane toad
  8959 | Lair:1   | Killed a cane toad
  8993 | Lair:1   | Noticed a black mamba
  9003 | Lair:1   | Killed a black mamba
  9113 | Lair:1   | Noticed Prince Ribbit
  9254 | Lair:1   | Reached skill level 9 in Earth Magic
  9272 | Lair:1   | Killed Prince Ribbit
  9273 | Lair:1   | Reached skill level 5 in Air Magic
  9426 | Lair:1   | Reached XP level 11. HP: 59/63 MP: 22/22
  9545 | Lair:1   | Reached **** piety under Vehumet
  9546 | Lair:1   | Reached skill level 10 in Earth Magic
  9640 | Lair:1   | Offered knowledge of Iskenderun's Battlesphere by Vehumet.
  9648 | Lair:1   | Learned a level 5 spell: Iskenderun's Battlesphere
  9819 | Lair:2   | Noticed an eight-headed hydra
  9824 | Lair:2   | Killed an eight-headed hydra
  9826 | Lair:2   | Reached skill level 5 in Poison Magic
  9950 | Lair:2   | Found a hole to the Spider Nest.
 10089 | Lair:2   | Noticed a death yak
 10092 | Lair:2   | Noticed a death yak
 10101 | Lair:2   | Killed a death yak
 10102 | Lair:2   | Reached skill level 11 in Earth Magic
 10283 | Lair:2   | Noticed a death yak
 10289 | Lair:2   | Reached skill level 1 in Fire Magic
 10292 | Lair:2   | Noticed a catoblepas
 10313 | Lair:2   | Killed a catoblepas
 10314 | Lair:2   | Reached XP level 12. HP: 66/68 MP: 11/25
 10372 | Lair:2   | Killed a death yak
 10394 | Lair:2   | Killed a death yak
 11325 | D:8      | Killed Maurice
 11573 | Lair:3   | Noticed Nessos
 11605 | Lair:3   | Found a staircase to the Shoals.
 11607 | Lair:3   | Noticed a five-headed hydra
 11612 | Lair:3   | Killed a five-headed hydra
 11625 | Lair:3   | Noticed an eight-headed hydra
 11629 | Lair:3   | Killed an eight-headed hydra
 12236 | Lair:4   | Reached skill level 12 in Earth Magic
 12319 | Lair:4   | Noticed a death yak
 12320 | Lair:4   | Noticed a death yak
 12325 | Lair:4   | Killed a death yak
 12328 | Lair:4   | Killed a death yak
 12356 | Lair:4   | Noticed a death yak
 12366 | Lair:4   | Killed a death yak
 12366 | Lair:4   | Noticed a catoblepas
 12367 | Lair:4   | Reached skill level 5 in Fire Magic
 12372 | Lair:4   | Killed a catoblepas
 12373 | Lair:4   | Reached skill level 5 in Shields
 12373 | Lair:4   | Reached XP level 13. HP: 75/75 MP: 8/26
 12427 | Lair:4   | Reached ***** piety under Vehumet
 12444 | Lair:4   | Noticed an ice dragon
 12459 | Lair:4   | Killed an ice dragon
 12506 | Lair:4   | Offered knowledge of Fireball by Vehumet.
 12513 | Lair:4   | Learned a level 5 spell: Fireball
 12558 | Lair:4   | Found a staircase to the Slime Pits.
 12560 | Lair:4   | Found a viscous altar of Jiyva.
 12976 | Lair:4   | You are sucked into a shaft and drop 1 floor!
 12976 | Lair:5   | Entered Level 5 of the Lair of Beasts
 13166 | Lair:4   | Reached skill level 5 in Armour
 13233 | Lair:4   | Reached skill level 10 in Spellcasting
 13267 | Lair:4   | HP: 3/76 [wyvern (12)]
 13986 | Lair:5   | Learned a level 1 spell: Apportation
 14094 | Lair:5   | Offered knowledge of Conjure Ball Lightning by Vehumet.
 14389 | Lair:5   | Gained mutation: Your large and strong wings let you fly.
                  | [Gargoyle growth]
 14389 | Lair:5   | Reached XP level 14. HP: 83/83 MP: 25/28
 15185 | D:9      | Found a bloodstained altar of Trog.
 15424 | D:9      | Found a glowing silver altar of Zin.
 15424 | D:9      | Found a shimmering blue altar of Sif Muna.
 15530 | D:10     | Entered Level 10 of the Dungeon
 15992 | D:10     | Found Cadujol's General Store.
 16000 | D:10     | Bought a scroll of identify for 24 gold pieces
 16106 | D:10     | Found an ornate altar of the Wu Jian Council.
 16574 | D:11     | Found a runed translucent gate.
 16578 | D:11     | Found a runed translucent gate.
 16579 | D:11     | Found a runed translucent gate.
 16580 | D:11     | Noticed KimchiStew's ghost (journeyman FoCj)
 17239 | D:11     | Found a viscous altar of Jiyva.
 17448 | D:12     | Found a staircase to the Orcish Mines.
 17509 | D:12     | Offered knowledge of Starburst by Vehumet.
 17931 | D:12     | Got the Cyclopedia of the Impact
 18339 | D:12     | Identified the +0 robe "Dearox" {rElec}
 18408 | D:12     | Reached XP level 15. HP: 82/90 MP: 29/29
 18565 | D:12     | Reached skill level 10 in Fire Magic
 18683 | D:12     | Identified the +3 sling of Uloerher {elec, rC++}
 18843 | D:12     | Reached skill level 10 in Air Magic
 19629 | D:13     | Noticed Caekett's ghost (journeyman GnRe)
 19630 | D:13     | Found a runed translucent door.
 19689 | D:13     | Reached skill level 5 in Dodging
 19748 | D:13     | Noticed Urug
 19752 | D:13     | Noticed Rupert
 19761 | D:13     | Killed Urug
 19767 | D:13     | Killed Rupert
 20008 | D:13     | Noticed Snorg
 20014 | D:13     | Killed Snorg
 20117 | D:13     | Reached skill level 10 in Fighting
 20462 | D:13     | Found a gate to the Vaults.
 20748 | D:13     | Killed Caekett's ghost
 21972 | Orc:1    | Entered Level 1 of the Orcish Mines
 22014 | Orc:1    | Offered knowledge of Orb of Destruction by Vehumet.
 22040 | Orc:1    | Learned a level 8 spell: Lehudib's Crystal Spear
 22198 | Orc:1    | You are sucked into a shaft and drop 1 floor!
 22198 | Orc:2    | Entered Level 2 of the Orcish Mines
 22204 | Orc:2    | Reached ****** piety under Vehumet
 22230 | Orc:2    | Reached XP level 16. HP: 100/100 MP: 31/32
 22270 | Orc:2    | Found Yfihieff's Book Boutique.
 22391 | Orc:2    | Found a frozen archway.
 22417 | IceCv    | Entered an ice cave
 22743 | IceCv    | Found a viscous altar of Jiyva.
 22743 | IceCv    | Noticed an azure jelly
 22750 | IceCv    | Killed an azure jelly
 22767 | IceCv    | Noticed an azure jelly
 22771 | IceCv    | Killed an azure jelly
 22808 | IceCv    | Got the Grimoire of Rime
 23157 | Orc:2    | Found Kicait's Antique Weapon Shop.
 23165 | Orc:2    | Bought an ichor-stained dagger for 203 gold pieces
 23165 | Orc:2    | Identified the +9 dagger of Dismay {speed, rC+} (You bought
                  | it in a shop on level 2 of the Orcish Mines)
 23165 | Orc:2    | Bought a smoking hand axe for 232 gold pieces
 23165 | Orc:2    | Identified the +4 hand axe "Jellyslayer" {freeze, Str+6
                  | Dex+2} (You bought it in a shop on level 2 of the Orcish
                  | Mines)
 23311 | Orc:2    | Found a staircase to the Elven Halls.
 23317 | Orc:2    | Offered knowledge of Yara's Violent Unravelling by Vehumet.
 23339 | Orc:2    | Paralysed by an orc sorcerer for 2 turns
 23453 | Orc:2    | Found Imynyuj's General Store.
 23558 | Orc:2    | Found Fan Jaka's Distillery.
 23579 | Orc:2    | Found Kichezi's Antique Armour Shop.
 23587 | Orc:2    | Bought a glowing robe for 66 gold pieces
 23802 | Orc:1    | Noticed Jorgrun
 23810 | Orc:1    | Killed Jorgrun
 24237 | D:15     | Entered Level 15 of the Dungeon
 24548 | D:15     | Reached skill level 10 in Armour
 24560 | D:15     | Reached skill level 1 in Translocations
 24638 | D:15     | Reached skill level 10 in Conjurations
 24740 | D:15     | Found a staircase to the Depths.
 24847 | D:15     | Found a snail-covered altar of Cheibriados.
 24971 | D:15     | Offered knowledge of Leda's Unmaking by Vehumet.
 24985 | D:15     | Found a sacrificial altar of Ru.
 25674 | D:11     | Killed KimchiStew's ghost
 25856 | Lair:1   | Killed starts1789's ghost
 25980 | Lair:3   | Killed Nessos
 25981 | Lair:3   | Reached skill level 13 in Earth Magic
 26093 | D:10     | Bought a sack of spiders for 480 gold pieces
 26093 | D:10     | Bought a scroll of fear for 48 gold pieces
 26093 | D:10     | Bought a phial of floods for 480 gold pieces
 26093 | D:10     | Bought a potion of curing for 36 gold pieces
 26204 | Orc:2    | Bought a scroll of fear for 68 gold pieces
 26204 | Orc:2    | Bought a potion of curing for 51 gold pieces
 26229 | Orc:2    | Bought a potion of enlightenment for 90 gold pieces
 26229 | Orc:2    | Bought a potion of berserk rage for 90 gold pieces
 26229 | Orc:2    | Bought a potion of magic for 144 gold pieces
 26229 | Orc:2    | Bought a potion of ambrosia for 144 gold pieces
 26229 | Orc:2    | Bought 2 potions of might for 144 gold pieces
 26229 | Orc:2    | Bought a potion of enlightenment for 90 gold pieces
 26229 | Orc:2    | Bought a potion of berserk rage for 90 gold pieces
 26229 | Orc:2    | Bought 2 potions of lignification for 108 gold pieces
 26424 | Spider:1 | Entered Level 1 of the Spider Nest
 26933 | Spider:1 | Reached XP level 17. HP: 76/106 MP: 24/33
 27029 | Spider:1 | You are sucked into a shaft and drop 1 floor!
 27456 | Spider:2 | Identified the +3 orcbow "Hell-Harrower" {drain, rElec rC+
                  | Str+3 Int-4}
 28345 | Spider:1 | Offered knowledge of Eringya's Noxious Bog by Vehumet.
 29292 | Spider:3 | Reached skill level 14 in Earth Magic
 29665 | Spider:4 | Entered Level 4 of the Spider Nest
 29665 | Spider:4 | Noticed Nikola
 29673 | Spider:4 | Noticed Arachne
 29682 | Spider:3 | Killed Nikola
 30080 | Spider:3 | Killed Arachne
 30842 | Spider:4 | Offered knowledge of Fire Storm by Vehumet.
 30842 | Spider:4 | Offered knowledge of Polar Vortex by Vehumet.
 30842 | Spider:4 | Offered knowledge of Maxwell's Capacitive Coupling by
                  | Vehumet.
 31423 | Spider:4 | Reached XP level 18. HP: 112/112 MP: 34/35
 31443 | Spider:4 | Reached skill level 15 in Earth Magic
 31783 | Spider:4 | Blown up by a sun moth

Illustrated notes

Levels and vault maps discovered:
D:1:      roderic_lyre, layout_basic
D:2:      layout_basic, basic_altar
D:3:      layout_basic, vehumet_altar_wand_db, elyvilon_altar_4,
          hellmonk_ecumenical_altar_pennies_from_heaven, uniq_grinder,
          uniq_natasha, uniq_ijyb
D:4:      layout_rooms, mainiacjoe_overflow_alcove_1
D:5:      layout_basic
D:6:      layout_loops_ring, nicolae_hepliaklqana_monster_ancestors
D:7:      layout_cave_pods, temple_pool_b, chequers_ossuary_entry_cave,
          dreamdust_mushroom_princess, reono_crystal_passage,
          minmay_misc_feat_nine_boxes, minivault_25
D:8:      layout_cave_pools, lair_entry_dummy, doesnt_shop_hydraphobe,
          uniq_maurice
D:9:      layout_big_octagon, amcnicky_altar_gilded,
          amethyst_overflow_temple_binary, grunt_ministairs_9
D:10:     layout_roguey, nicolae_wu_jian_glorious_leap, nicolae_stop_n_shop_2,
          introduction_to_nature_1
D:11:     layout_roguey, gammafunk_ghost_ooze, nicolae_looking_at_the_future
D:12:     minmay_spiral_squares, layout_irregular_city, serial_shops,
          freezing_bzr
D:13:     layout_irregular_city, grunt_vaults_entry_tiered,
          ebering_ghost_inner_flame, uniq_urug, uniq_snorg, uniq_rupert
D:14:     layout_cave_pods, ebering_dispersal_statue_hall, nicolae_sextant
D:15:     grunt_enter_depths_giant_problem, layout_rooms, grunt_decor_arrowhead,
          hangedman_feature_mirror, st_stairs_10
Lair:1:   layout_gridlike, hellmonk_ghost_happy_afterlife,
          gauntlet_entry_generic, uniq_prince_ribbit2
Lair:2:   layout_cave_pods, hellmonk_spider_entry_not_the_bees,
          nicolae_lair_grazing_beasts [nicolae_sub_lair_graze_edge,
          nicolae_sub_lair_graze_edge, nicolae_sub_lair_graze_edge,
          nicolae_sub_lair_graze_edge]
Lair:3:   layout_regular_city, minmay_shoals_entry_lonely_mermaid, uniq_nessos
Lair:4:   layout_gridlike, minmay_slime_entry_pillars, special_room
          [special_room_mythical_zoo], bobbens_ice_dragon_lair
Lair:5:   hangedman_lair_tendril_chambers, layout_loops_ring
Spider:1: layout_spider_delve
Spider:2: nicolae_spider_hilbert_zone_3 [nicolae_spider_hilbert_4_sides_2_open,
          nicolae_spider_hilbert_3_sides_1_open,
          nicolae_spider_hilbert_3_sides_1_open,
          nicolae_spider_hilbert_3_sides_1_open,
          nicolae_spider_hilbert_3_sides_1_open,
          nicolae_spider_hilbert_4_sides_1_open,
          nicolae_spider_hilbert_4_sides_1_open,
          nicolae_spider_hilbert_4_sides_1_open,
          nicolae_spider_hilbert_4_sides_1_open,
          nicolae_spider_hilbert_4_sides_1_open,
          nicolae_spider_hilbert_4_sides_1_open,
          nicolae_spider_hilbert_4_sides_1_open,
          nicolae_spider_hilbert_4_sides_1_open,
          nicolae_spider_hilbert_3_sides_1_open,
          nicolae_spider_hilbert_3_sides_1_open,
          nicolae_spider_hilbert_3_sides_1_open,
          nicolae_spider_hilbert_3_sides_1_open], nicolae_spider_webs_and_nodes
Spider:3: layout_spider_delve
Spider:4: guppyfry_spider_rune, uniq_arachne, uniq_nikola
Orc:1:    layout_caves, uniq_jorgrun
Orc:2:    grunt_orc_gardens, layout_caves, grunt_orc_garden, grunt_orc_garden,
          grunt_orc_garden, grunt_orc_garden, portal_ice_cave_rime,
          serial_shops, nicolae_shop_back_alley_shop

Skill      XL: |  1  2  3  4  5  6  7  8  9 10 11 12 13 14 15 16 17 18 |
---------------+-------------------------------------------------------+-----
Earth Magic    | 4 5 6 8 9 11 12 13 14 15 | 15.0
Spellcasting   | 3 4 5 6 7 9 10 12 13 14 | 14.0
Conjurations   | 2 3 4 5 6 7 8 11 14 | 14.4
Fighting       | 1 2 4 5 6 7 9 11 12 | 12.0
Armour         | 1 4 5 6 9 10 | 10.0
Evocations     | 1 2 3 |  3.0
Shields        | 2 3 5 |  5.0
Dodging        | 2 3 4 5 |  5.0
Stealth        | 3 |  3.0
Air Magic      | 3 5 6 8 9 10 | 10.0
Poison Magic   | 3 5 |  5.0
Fire Magic     | 1 5 8 9 10 | 10.0
Translocations | 2 |  2.0
Transmutations | |  0.7

Action                     |  1- 3 |  4- 6 |  7- 9 | 10-12 | 13-15 | 16-18 || total
---------------------------+-------+-------+-------+-------+-------+-------++-------
  Melee: Unarmed           |    29 |       |       |       |       |       ||    29
         Whip              |       |     3 |     9 |       |       |       ||    12
         Dagger            |       |       |    24 |     5 |    11 |       ||    40
         Sling             |       |       |       |       |     1 |       ||     1
   Fire: Sling             |       |       |       |       |    57 |   136 ||   193
   Cast: Sandblast         |    48 |    70 |   204 |   156 |   393 |    40 ||   911
         Stone Arrow       |       |     3 |    32 |   105 |   220 |   394 ||   754
         Iskenderun's Batt |       |       |       |    35 |   120 |   108 ||   263
         Olgreb's Toxic Ra |       |       |       |       |    71 |    20 ||    91
         Arcjolt           |       |       |       |       |    11 |    77 ||    88
         Fireball          |       |       |       |       |    23 |   111 ||   134
         Plasma Beam       |       |       |       |       |    11 |    20 ||    31
  Evoke: Lightning rod     |       |       |       |       |       |     8 ||     8
         Sack of spiders   |       |       |       |       |       |     1 ||     1
         Condenser vane    |       |       |       |       |       |     1 ||     1
    Use: Scroll            |       |       |    15 |    10 |     9 |     4 ||    38
         Potion            |       |       |       |       |     1 |     1 ||     2
   Stab: Sleeping          |       |       |     1 |       |       |       ||     1
 Armour: Robe              |    42 |    25 |       |       |       |       ||    67
         Leather armour    |       |    15 |   146 |       |       |       ||   161
         Troll leather arm |       |       |    20 |   124 |   566 |   677 ||  1387
  Dodge: Dodged            |    34 |    37 |   108 |    59 |   339 |   277 ||   854
  Block: Buckler           |       |       |    45 |    49 |   218 |    24 ||   336
         Kite shield       |       |       |       |       |       |   264 ||   264

Table legend: (Time is in decaauts)
 A = Elapsed time spent in this place.
 B = Non-inter-level travel time spent in this place.
 C = Inter-level travel time spent in this place.
 D = Time resting spent in this place.
 E = Time spent auto-exploring this place.
 F = Levels seen in this place.
 G = Mean time per level.
                   A        B        C        D        E       F      G
               +--------+--------+--------+--------+--------+-----+--------+
         Total |  32425 |  29824 |   2601 |   5719 |  18503 |  28 | 1158.0 |
       Dungeon |  17538 |  15871 |   1667 |   2572 |  10712 |  15 | 1169.2 |
          Lair |   7050 |   6393 |    657 |   1176 |   3849 |   5 | 1410.0 |
   Spider Nest |   5210 |   5062 |    148 |   1623 |   2436 |   4 | 1302.5 |
  Orcish Mines |   1655 |   1528 |    127 |    189 |   1005 |   2 |  827.5 |
       Ossuary |    376 |    376 |      0 |      0 |    205 |   1 |  376.0 |
      Ice Cave |    593 |    593 |      0 |    159 |    296 |   1 |  593.0 |
               +--------+--------+--------+--------+--------+-----+--------+

Top non-repeatable levels by time:
    D:12: 2490 daAuts
Spider:3: 1788 daAuts
  Lair:2: 1636 daAuts
  Lair:5: 1556 daAuts
     D:3: 1544 daAuts
     D:1: 1543 daAuts
  Lair:1: 1419 daAuts
Spider:2: 1415 daAuts
    D:13: 1412 daAuts
  Lair:4: 1270 daAuts
    D:11: 1196 daAuts
  Lair:3: 1168 daAuts
    D:14: 1132 daAuts
     D:6: 1111 daAuts
   Orc:2: 1110 daAuts
